 Dungeon Crawl Stone Soup version 0.20.1-1-g8b1a95d (webtiles) character file.

570 vishdafish the Skirmisher (level 7, 46/55 HPs)
             Began as a Demonspawn Fighter on July 3, 2017.
             Quit the game on level 5 of the Dungeon.
             The game lasted 00:04:36 (3435 turns).

vishdafish the Skirmisher (Demonspawn Fighter)      Turns: 3435, Time: 00:04:36

Health: 46/55      AC: 10    Str: 18      XL:     7   Next: 11%
Magic:  7/7        EV:  7    Int:  9      God:
Gold:   143        SH:  9    Dex: 11 (13) Spells: 6/6 levels left

rFire    . . .     SeeInvis .   a - +0 trident
rCold    . . .     Gourm    .   c - +0 shield
rNeg     . . .     Faith    .   b - +0 scale mail
rPois    .         Spirit   .   (no helmet)
rElec    .         Reflect  .   (no cloak)
rCorr    .         Harm     .   (no gloves)
MR       .....                  (no boots)
Stlth    +.........             (no amulet)
Regen    0.2/turn               (no ring)
MPRegen  0.1/turn               (no ring)

@: no status effects
A: hooves 1, yellow scales 2, nightstalker 1
a: no special abilities


You were on level 5 of the Dungeon.
You were not hungry.

You visited 1 branch of the dungeon, and saw 5 of its levels.

You collected 143 gold pieces.

Inventory:

Hand Weapons
 a - a +0 trident (weapon)
Armour
 b - a +0 scale mail (worn)
 c - a +0 shield (worn)
Wands
 p - a wand of flame (27/48)
Scrolls
 g - 4 scrolls of identify {unknown}
 h - a scroll of fear {unknown}
 j - a scroll of random uselessness {unknown}
 k - 2 scrolls of remove curse {unknown}
 l - a scroll of enchant weapon {unknown}
 m - 4 scrolls of enchant armour {unknown}
 n - 2 scrolls of teleportation {unknown}
 o - a scroll of amnesia {unknown}
Potions
 d - a potion of degeneration {unknown}
 e - a potion of magic {unknown}
 q - a potion of curing
Comestibles
 f - 4 bread rations
 i - 4 meat rations
 s - 3 fruits


   Skills:
 + Level 4.4 Fighting
 * Level 4.4 Polearms
 + Level 4.2 Armour
 - Level 0.1 Dodging
 + Level 4.1 Shields


You had 6 spell levels left.
You didn't know any spells.

Dungeon Overview and Level Annotations

Branches:
Dungeon (5/15)
 Temple: D:4-7

Altars:
Dithmenos
Uskayaw

Annotations:
D:3 Quirk's ghost, amateur DrCK
D:4 KleinerIrrer's ghost, novice TrMo


Innate Abilities, Weirdness & Mutations

You have large cloven feet.
You are mostly covered in yellow scales. (AC +3)
You are slightly more attuned to the shadows.


Message History

The ogre is moderately wounded.
The ogre barely misses you.
You puncture the ogre! You kick the ogre.
The ogre is severely wounded.
The ogre hits you with a giant club.
You closely miss the ogre. Your kick misses the ogre.
The ogre is severely wounded.
The ogre hits you with a giant club!
You barely miss the ogre.
The ogre is severely wounded.
The ogre barely misses you.
You puncture the ogre!
You kill the ogre!
You feel your dexterity returning.
You have reached level 7!
Your demonic ancestry asserts itself...
You slip into the darkness of the dungeon.
You start resting.
A hound zombie comes into view.
Are you sure you want to abandon this character and quit the game? (Confirm with "yes".)

(.........#...รท.............#
#.........###.###.#.......(##
#'#.......# #..........#.#.....
'_'.......###......#.#.#.#.####
#+#.......Z......#.#.#.#.#.#
#..................#.#.#.#.#
#.##.####........#.###.#.#.######
#.##.# #.#....#)#.# #.#.........
..##.# #.###...@..# #.###.######
..##.####.#....#.#####.....#
<.##....#.######.#.....#####
..#####.#.#......#.....# ..#
#.#.#.######.....# ..#
#.#.#.#....#.....# ..#
#.#(#.#.##.#.....##
..#####.#.#.#..............
#.##........#..#.#.........


You could see a hound zombie (wandering).

Vanquished Creatures
  A phantom (D:4)
  An ogre (D:5)
  A crimson imp (D:5)
  A centaur zombie (D:5)
  A quasit (D:5)
  A hound (D:5)
  2 orc priests (D:5)
  3 worker ants
  6 adders
  A shadow imp (D:5)
  An adder skeleton (D:5)
  A worm (D:5)
  A leopard gecko (D:3)
  2 orcs
  A ball python (D:2)
  4 bats
  9 giant cockroaches
  13 hobgoblins
  A jackal (D:2)
  3 quokkas
  3 frilled lizards
  7 goblins
  5 kobolds
  A quokka skeleton (D:5)
  8 rats
78 creatures vanquished.

Vanquished Creatures (others)
  5 toadstools (D:1)
5 creatures vanquished.

Grand Total: 83 creatures vanquished

Notes
Turn   | Place    | Note
-------+----------+-------------------------------------------
     0 | D:1      | vishdafish the Demonspawn Fighter began the quest for the Orb.
     0 | D:1      | Reached XP level 1. HP: 18/18 MP: 1/1
   232 | D:1      | Gained mutation: You are partially covered in yellow scales. (AC +2) [demonic ancestry]
   232 | D:1      | Reached XP level 2. HP: 24/24 MP: 2/2
   386 | D:1      | Gained mutation: You are mostly covered in yellow scales. (AC +3) [demonic ancestry]
   386 | D:1      | Reached XP level 3. HP: 16/29 MP: 3/3
   810 | D:2      | Found a shadowy altar of Dithmenos.
  1359 | D:2      | Reached XP level 4. HP: 30/35 MP: 4/4
  2263 | D:3      | Noticed a centaur
  2266 | D:3      | Noticed Quirk's ghost (amateur DrCK)
  2292 | D:4      | Reached XP level 5. HP: 19/41 MP: 5/5
  2331 | D:4      | Noticed a phantom
  2371 | D:4      | Killed a phantom
  2472 | D:4      | Noticed KleinerIrrer's ghost (novice TrMo)
  2506 | D:5      | Entered Level 5 of the Dungeon
  2507 | D:5      | Found a hide-covered altar of Uskayaw.
  2675 | D:5      | Gained mutation: You have large cloven feet. [demonic ancestry]
  2675 | D:5      | Reached XP level 6. HP: 47/48 MP: 6/6
  3343 | D:5      | Gained mutation: You are slightly more attuned to the shadows. [demonic ancestry]
  3343 | D:5      | Reached XP level 7. HP: 29/55 MP: 7/7
  3435 | D:5      | Quit the game

Skill      XL: |  1  2  3  4  5  6 |
---------------+-------------------+-----
Shields        | 3 4 |  4.1
Polearms       | 2 3 4 |  4.4
Armour         | 3 4 |  4.2
Fighting       | 4 |  4.4
Dodging        | |  0.1

Action                   |  1- 3 |  4- 6 |  7- 9 || total
-------------------------+-------+-------+-------++-------
Melee: Trident           |   181 |   263 |       ||   444
       Kick              |       |    31 |       ||    31
  Use: Potion            |       |     3 |       ||     3
  Eat: Chunk             |     1 |     8 |       ||     9
Armor: Scale mail        |    86 |   163 |       ||   249
Dodge: Dodged            |    69 |    95 |       ||   164
Block: Shield            |    94 |   152 |       ||   246
